 Dungeon Crawl Stone Soup version 0.22.0-75-g3901e79 (webtiles) character file.

31 Starchild the Bolt Thrower (level 3, -2/20 HPs)
             Began as a Kobold Arcane Marksman on Sept 14, 2018.
             Slain by a hound (4 damage)
             ... on level 2 of the Dungeon.
             The game lasted 00:03:19 (821 turns).

Starchild the Bolt Thrower (Kobold Arcane Marksman)  Turns: 821, Time: 00:03:21

Health: -2/20      AC:  2    Str:  7    XL:     3   Next: 40%
Magic:  4/4        EV: 15    Int: 15    God:
Gold:   62         SH:  0    Dex: 15    Spells: 3/4 levels left

rFire    . . .     SeeInvis .   a - +0 hand crossbow
rCold    . . .     Gourm    .   (shield restricted)
rNeg     + . .     Faith    .   e - +0 robe
rPois    .         Spirit   .   (no helmet)
rElec    .         Reflect  .   (no cloak)
rCorr    .         Harm     .   (no gloves)
MR       .....                  (no boots)
Stlth    +.........             (no amulet)
HPRegen  0.06/turn              c - ring of positive energy
MPRegen  0.09/turn              h - ring of flight

@: no status effects
A: small, carnivore
a: Evoke Flight


You were on level 2 of the Dungeon.
You were not hungry.

You visited 1 branch of the dungeon, and saw 2 of its levels.

You collected 62 gold pieces.

Inventory:

Hand Weapons
 a - a +0 hand crossbow (weapon)
 g - a +0 dagger
Missiles
 b - 60 stones
 d - 53 bolts (quivered)
Armour
 e - a +0 robe (worn)
 i - a +0 buckler
Jewellery
 c - a ring of positive energy (left hand)
 h - a ring of flight (right hand)
Potions
 j - 2 potions of flight {unknown}
 k - a potion of cancellation {unknown}
Comestibles
 f - 4 rations


   Skills:
 - Level 1.1 Fighting
 + Level 4.3 Crossbows
 - Level 2.4 Dodging
 - Level 1.1 Spellcasting
 - Level 3.0 Hexes


You had 3 spell levels left.
You knew the following spells:

 Your Spells              Type           Power        Failure   Level  Hunger
a - Corona                Hex            #......      7%          1    ##.....

Your spell library contained the following spells:

 Spells                   Type           Power        Failure   Level  Hunger
 Slow                     Hex            #.......     11%         2    ###....
 Inner Flame              Hex/Fire       #.......     36%         3    ####...
 Portal Projectile        Hex/Tloc       #.....       36%         3    ####...
 Cause Fear               Hex            #.........   56%         4    #####..
 Leda's Liquefaction      Hex/Erth       #.........   78%         4    #####..


Dungeon Overview and Level Annotations

Branches:
Dungeon (2/15)

Altars:
Makhleb


Innate Abilities, Weirdness & Mutations

You are small and have problems with some larger weapons.
You are carnivorous and can eat meat at any time.


Message History

Aim: a hound (almost dead)
You shoot a bolt.
The bolt hits the hound but does no damage.
The hound is almost dead.
The hound bites you. The hound barely misses you.
Firing (i - inventory. (/) - cycle)
d - 55 bolts (quivered)
Press: ? - help, Shift-Dir - straight line, f/p - hound
Aim: a hound (almost dead)
You shoot a bolt. The bolt misses the hound.
The hound misses you. The hound barely misses you.
Firing (i - inventory. (/) - cycle)
d - 54 bolts (quivered)
Press: ? - help, Shift-Dir - straight line, f/p - hound
Aim: a hound (almost dead)
You shoot a bolt.
The bolt hits the hound but does no damage.
The hound is almost dead.
The hound bites you.
* * * LOW HITPOINT WARNING * * *
The hound bites you.
You die...

**********************
#..,,,,,,,,,,,,,,,,,,,
#.#*******************
#.# *#######** #.#
*.......,*
#.####.......,********
#.##.+.......,,,,,,,>,
#.##.#.......,******,*
#.##.@h.....(,,,,* *,*
#....#.....##***,* *,*
####.#.^..##,,**,* *,*
#.####....***,* *,*
#.# *,,.(_∩**,* *,*
#.# *,,,.)***,* *,*
#.# *,,**.,**,* *,,
#.#**,,,*****,* ***
#.#*,,,,,,,,*+*****


You could see a hound.

Vanquished Creatures
  An ooze (D:1)
  A worm (D:2)
  A dart slug (D:1)
  A leopard gecko (D:2)
  2 bats (D:1)
  3 goblins (D:1)
  A hobgoblin (D:1)
  2 jackals (D:1)
  A ball python (D:1)
  4 frilled lizards (D:1)
  A kobold (D:1)
  5 rats
23 creatures vanquished.

Notes
Turn   | Place    | Note
-------+----------+-------------------------------------------
     0 | D:1      | Starchild the Kobold Arcane Marksman began the quest for
                  | the Orb.
     0 | D:1      | Reached XP level 1. HP: 12/12 MP: 2/2
    74 | D:1      | Reached skill level 3 in Crossbows
    82 | D:1      | Reached XP level 2. HP: 16/16 MP: 3/3
   385 | D:1      | Reached skill level 4 in Crossbows
   385 | D:1      | Reached XP level 3. HP: 20/20 MP: 4/4
   810 | D:2      | Found a burning altar of Makhleb.
   821 | D:2      | Slain by a hound

Skill      XL: |  1  2 |
---------------+-------+-----
Crossbows      | 3 4 |  4.3
Fighting       | |  1.1
Dodging        | |  2.4
Spellcasting   | |  1.1
Hexes          | |  3.0

Action                   || total
-------------------------++-------
 Fire: Hand crossbow     ||    60
  Use: Scroll            ||     2
Armor: Robe              ||     1
Dodge: Dodged            ||    18
